 Dungeon Crawl Stone Soup version 0.18-a0-1788-g92de1ac (webtiles) character file.

1721 MrRokkomies the Poker (level 9, -5/51 HPs)
             Began as an Octopode Summoner on Apr 21, 2016.
             Killed from afar by a steam dragon (21 damage)
             ... with a ball of steam
             ... on level 7 of the Dungeon.
             The game lasted 00:28:06 (9968 turns).

MrRokkomies the Poker (Octopode Summoner)           Turns: 9968, Time: 00:28:07

Health: -5/51      AC:  1    Str:  8    XL:     9   Next: 4%
Magic:  8/12       EV: 15    Int: 20    God:
Gold:   268        SH:  0    Dex: 12    Spells: 3 memorised, 3 levels left

rFire  . . .     SeeInvis +     a - +0 trident
rCold  . . .     Gourm    .     (no shield)
rNeg   + . .     Faith    .     (helmet restricted)
rPois  .         Spirit   .     (no amulet)
rElec  .         Dismiss  .     i - ring of stealth
rCorr  .         Reflect  .     h - ring of positive energy
SustAt .         Harm     .     C - ring of see invisible
MR     .....                    (no ring)
Stlth  ++++......               (no ring)
                                (no ring)
                                (no ring)
                                (no ring)

@: not resistant to hostile enchantments, stealthy
A: almost no armour, amphibious, 8 rings, constrict 8, camouflage 1, gelatinous
body 1
a: no special abilities


You were on level 7 of the Dungeon.
You were not hungry.

You visited 1 branch of the dungeon, and saw 7 of its levels.

You collected 268 gold pieces.

Inventory:

Hand Weapons
 a - a +0 trident (weapon)
 b - a -2 blowgun
 r - a +0 halberd
 y - a +1 scythe of venom
Missiles
 d - 336 stones (quivered)
 p - 25 poisoned needles
 t - 13 tomahawks
 w - 3 silver javelins
Jewellery
 h - a ring of positive energy (right tentacle)
 i - a ring of stealth (left tentacle)
 B - an uncursed ring of fire
 C - a ring of see invisible (on tentacle)
Wands
 o - a wand of disintegration (13/24)
 q - a wand of flame (16/48)
 A - a wand of iceblast (3/15)
Scrolls
 u - 2 scrolls of remove curse
 D - a scroll of magic mapping
Potions
 c - a potion of cure mutation
 e - a potion of heal wounds
 f - a potion of flight
 g - 2 potions of might
 k - a potion of curing
 z - a potion of ambrosia
 E - a potion of cancellation {unknown}
Books
 l - a book of Callings

   Spells                             Type                      Level
   a - Summon Small Mammal            Summoning                    1
   b - Call Imp                       Summoning                    2
   c - Call Canine Familiar           Summoning                    3
   d - Summon Guardian Golem          Hexes/Summoning              3
   e - Summon Lightning Spire         Summoning/Air                4
   f - Summon Ice Beast               Ice/Summoning                4
 s - a book of Flames

   Spells                             Type                      Level
   a - Flame Tongue                   Conjuration/Fire             1
   b - Throw Flame                    Conjuration/Fire             2
   c - Conjure Flame                  Conjuration/Fire             3
   d - Inner Flame                    Hexes/Fire                   3
   e - Sticky Flame                   Conjuration/Fire             4
   f - Fireball                       Conjuration/Fire             5
Comestibles
 j - a slice of pizza
 m - 3 beef jerkies
 n - 9 fruits
 v - a bread ration
 x - 4 meat rations


   Skills:
 * Level 7.3 Polearms
 - Level 6.4 Dodging
 - Level 2.6 Stealth
 - Level 2.0 Spellcasting
 - Level 5.4 Summonings
 * Level 4.0 Air Magic


You had 3 spell levels left.
You knew the following spells:

 Your Spells              Type           Power        Failure   Level  Hunger
b - Call Imp              Summ           ###.....     2%          2    ##.....
c - Call Canine Familiar  Summ           ###.....     8%          3    ###....
d - Summon Lightning Spi  Summ/Air       ###.....     24%         4    #####..


Dungeon Overview and Level Annotations

Branches:
Dungeon (7/15)
 Temple: D:4-7

Altars:
Dithmenos
Nemelex Xobeh

Shops:
D:5 :

Annotations:
D:3 Etesian's ghost, amateur MfTm


Innate Abilities, Weirdness & Mutations

You cannot wear most types of armour.
You are amphibious.
You can wear up to eight rings at the same time.
You can use your tentacles to constrict eight enemies at once.
Your skin changes colour to match your surroundings (Stealth).
Your rubbery body absorbs attacks (AC +1).


Message History

The fungus is destroyed!
The steam dragon barely misses you.
The steam dragon claws you but does no damage.
You barely miss the steam dragon.
The steam dragon is almost dead.
The steam dragon completely misses you. The steam dragon closely misses you.
You barely miss the steam dragon. Your squeeze misses the steam dragon.
The steam dragon is almost dead.
The steam dragon breathes steam at you. The ball of steam hits you!
* * * LOW HITPOINT WARNING * * *
Drink which item? (? for menu, Esc to quit)
You feel much better.
The fungus is engulfed in a cloud of scalding steam. x2
The steam dragon completely misses you. The steam dragon claws you.
You are engulfed in a cloud of scalding steam.
The fungus is engulfed in a cloud of scalding steam. x2
The steam dragon breathes steam at you. The ball of steam hits you!
You die...

#####.....'....#
#.#.#)##....##
#........##....#
..#....<.....#
#.###....##....#
...#..........# #.#
##########.#
...###########.#
#.#### #.#.... P
#...P########.......


P.P #...≈.^.≈.P^#########≈≈.. #...........^≈≈.§§D†.≈...
#..≈≈.^P..^.....@§.§...(. #..≈..≈≈#######^PPP..≈P.. #..≈PP### #######..PP
####### #≈. # You could see a steam dragon.

Vanquished Creatures
  Edmund (D:4)
  A sky beast (D:5)
  A necrophage (D:6)
  An ogre (D:4)
  A centaur (D:6)
  A killer bee (D:7)
  A giant frog zombie (D:5)
  4 crimson imps
  4 orc priests
  4 orc wizards
  Crazy Yiuf (D:2)
  Jessica (D:2)
  An iguana (D:6)
  5 worker ants
  4 gnolls (D:2)
  3 adders
  A shadow imp (D:6)
  An ooze (D:2)
  An adder zombie (D:5)
  2 worms
  5 dart slugs
  5 giant geckos
  23 orcs
  A ball python (D:4)
  2 giant cockroaches (D:2)
  16 goblins
  7 hobgoblins
  11 jackals
  5 quokkas
  2 bats
  7 giant newts
  2 jackal skeletons (D:4)
  9 kobolds
  6 rats
140 creatures vanquished.

Vanquished Creatures (collateral kills)
  Sigmund (D:5)
  A steam dragon (D:7)
  An ice beast (D:6)
  2 ogres (D:4)
  A giant frog (D:6)
  A scorpion (D:7)
  An orc priest (D:3)
  A giant frog skeleton (D:4)
  Ijyb (D:3)
  2 worker ants
  Robin (D:2)
  2 gnolls (D:2)
  An adder (D:2)
  An ooze (D:2)
  20 orcs
  A bat (D:3)
  6 goblins
  4 hobgoblins (D:2)
  3 jackals (D:4)
  A quokka (D:3)
  A jackal zombie (D:5)
  2 rats
55 creatures vanquished.

Vanquished Creatures (others)
  A fungus (D:7)
1 creature vanquished.

Grand Total: 196 creatures vanquished

Notes
Turn   | Place    | Note
--------------------------------------------------------------
     0 | D:1      | MrRokkomies the Octopode Summoner began the quest for the Orb.
     0 | D:1      | Reached XP level 1. HP: 11/11 MP: 3/3
   399 | D:1      | Reached XP level 2. HP: 17/17 MP: 5/5
   421 | D:1      | Learned a level 2 spell: Call Imp
  1221 | D:2      | Reached XP level 3. HP: 16/21 MP: 6/6
  1275 | D:2      | Learned a level 3 spell: Call Canine Familiar
  1360 | D:2      | Reached skill level 5 in Summonings
  1605 | D:2      | Noticed Robin
  1627 | D:2      | Killed Robin
  1951 | D:2      | Reached XP level 4. HP: 25/27 MP: 3/7
  2310 | D:2      | Reached skill level 1 in Polearms
  2329 | D:2      | Noticed Jessica
  2334 | D:2      | Killed Jessica
  2334 | D:2      | Reached XP level 5. HP: 27/31 MP: 4/8
  2742 | D:2      | Noticed Crazy Yiuf
  2747 | D:2      | Killed Crazy Yiuf
  2747 | D:2      | Reached skill level 2 in Polearms
  3347 | D:3      | Noticed Ijyb
  3352 | D:3      | Killed Ijyb
  3920 | D:3      | Reached XP level 6. HP: 3/36 MP: 2/9
  4375 | D:3      | Found a shadowy altar of Dithmenos.
  4391 | D:3      | Reached skill level 3 in Polearms
  4892 | D:3      | Noticed Etesian's ghost (amateur MfTm)
  5427 | D:4      | Reached skill level 4 in Polearms
  5427 | D:4      | Reached XP level 7. HP: 14/41 MP: 1/10
  5640 | D:4      | Learned a level 4 spell: Summon Lightning Spire
  5709 | D:4      | Reached skill level 5 in Dodging
  6473 | D:4      | Noticed Edmund
  6509 | D:4      | Killed Edmund
  6843 | D:5      | Entered Level 5 of the Dungeon
  6875 | D:5      | Reached skill level 5 in Polearms
  7101 | D:5      | Found Hely's Book Shoppe.
  7125 | D:5      | Noticed Sigmund
  7199 | D:5      | Reached XP level 8. HP: 38/46 MP: 2/11
  7231 | D:5      | Found a sparkling altar of Nemelex Xobeh.
  7855 | D:5      | Killed Sigmund
  7855 | D:5      | Reached skill level 6 in Polearms
  8069 | D:6      | Reached skill level 1 in Air Magic
  9221 | D:6      | Reached skill level 7 in Polearms
  9650 | D:7      | Reached XP level 9. HP: 29/50 MP: 0/12
  9968 | D:7      | Killed from afar by a steam dragon

Vault maps used:
D:1:      scummos_arrival_simple_crosswalls
D:2:      first_bread, uniq_jessica, uniq_robin, uniq_crazy_yiuf_cottage
D:3:      kennysheep_goblin_castle, dk_vineyard_2, lemuel_statue_altar
D:4:      uniq_edmund
D:5:      serial_shops, shop, nrook_mini_vaults, small_statue_intersection,
          minmay_misc_feat_encased, nemelex_lonely_heart_becter, uniq_sigmund
D:7:      kennysheep_steamy, minitemple, minmay_temple_entry_nine_rooms,
          kennysheep_generic_room_14

Skill      XL: |  1  2  3  4  5  6  7  8  9 |
---------------+----------------------------+-----
Summonings     | 5 |  5.4
Polearms       | 1 2 4 5 7 |  7.3
Dodging        | 3 4 5 6 |  6.4
Air Magic      | 3 4 |  4.0
Stealth        | |  2.6
Spellcasting   | |  2.0

Action                   |  1- 3 |  4- 6 |  7- 9 || total
-------------------------+-------+-------+-------++-------
Melee: Unarmed           |     8 |       |       ||     8
       Dagger            |    62 |    10 |       ||    72
       Constrict         |    19 |    36 |    42 ||    97
       Tentacles         |    15 |    15 |    32 ||    62
       Halberd           |       |   138 |    24 ||   162
       Trident           |       |       |   179 ||   179
       Scythe            |       |       |     3 ||     3
 Fire: Blowgun           |       |       |     3 ||     3
Throw: Stone             |       |     2 |     1 ||     3
 Cast: Call Imp          |     2 |    13 |    27 ||    42
       Call Canine Famil |     2 |    16 |    19 ||    37
       Summon Lightning  |       |       |     3 ||     3
Evoke: Wand              |       |       |     4 ||     4
  Use: Scroll            |     4 |     5 |     8 ||    17
       Potion            |     1 |       |     3 ||     4
 Stab: Sleeping          |     6 |    12 |    11 ||    29
       Distracted        |       |     3 |     1 ||     4
  Eat: Chunk             |     3 |    12 |    16 ||    31
       Royal jelly       |       |     1 |       ||     1
       Pizza             |       |       |     1 ||     1
       Bread ration      |       |       |     1 ||     1
Armor: Skin              |     5 |    10 |     5 ||    20
Dodge: Dodged            |    26 |    74 |   130 ||   230
